[Event "45th FIDE Olympiad 2024"]
[Site "Budapest"]
[Date "2024.09.14"]
[Round "4.132"]
[White "Munoz Sanchez, Miguel"]
[Black "Lopez Silva, Hugo"]
[Result "1/2-1/2"]
[ECO "C45"]
[WhiteElo "2181"]
[BlackElo "2379"]
[Annotator "ChessBase"]
[PlyCount "60"]
[EventDate "2024.09.05"]
[EventType "team-tourn"]
[EventCountry "HUN"]
[SourceTitle "playchess.com"]
[Source "ChessBase"]
[SourceQuality "1"]
[WhiteTeam "Ecuador"]
[BlackTeam "Chile"]
[WhiteTeamCountry "ECU"]
[BlackTeamCountry "CHI"]
[TimeControl "40/5400+30:1800+30"]

1. e4 e5 2. Nf3 Nc6 3. d4 exd4 4. Nxd4 Bc5 5. Nb3 Bb6 6. Nc3 Nge7 7. Qe2 O-O 8. Be3 f5 9. exf5 Bxe3 10. Qxe3 Nxf5 11. Qd2 a5 12. a4 d6 13. O-O-O Be6 14. f4 Kh8 15. g4 Bxb3 16. cxb3 Nfd4 17. Bc4 Qh4 18. h3 Rae8 19. Kb1 Nf3 20. Qc1 Ncd4 21. Bd5 Qg3 22. f5 Re5 23. Rd3 Rfe8 24. Bxf3 Nxf3 25. Ka2 Qg2 26. f6 gxf6 27. Qf4 Ne1 28. Rxe1 Rxe1 29. Qxf6+ Kg8 30. Rf3 R1e6 1/2-1/2

[Event "45th FIDE Olympiad 2024"]
[Site "Budapest"]
[Date "2024.09.14"]
[Round "4.133"]
[White "Berend, Fred"]
[Black "Fawzy, Adham"]
[Result "1-0"]
[ECO "B31"]
[WhiteElo "2230"]
[BlackElo "2507"]
[Annotator "ChessBase"]
[PlyCount "140"]
[EventDate "2024.09.05"]
[EventType "team-tourn"]
[EventCountry "HUN"]
[SourceTitle "playchess.com"]
[Source "ChessBase"]
[SourceQuality "1"]
[WhiteTeam "Luxembourg"]
[BlackTeam "Egypt"]
[WhiteTeamCountry "LUX"]
[BlackTeamCountry "EGY"]
[TimeControl "40/5400+30:1800+30"]

1. e4 c5 2. Nf3 Nc6 3. Bb5 g6 4. O-O Bg7 5. c3 Nf6 6. Re1 O-O 7. h3 e5 8. d4 exd4 9. cxd4 d5 10. e5 Ne4 11. Bxc6 bxc6 12. dxc5 Nxc5 13. Qc2 Ne6 14. Qxc6 Rb8 15. Nbd2 Bb7 16. Qa4 d4 17. b3 Nc5 18. Qc4 Rc8 19. Ba3 Ne6 20. Qb5 Bc6 21. Qa6 Re8 22. Rac1 Qd7 23. Qd3 Nf4 24. Qxd4 Qxd4 25. Nxd4 Bxg2 26. Rxc8 Rxc8 27. Kh2 Bd5 28. Bd6 Nd3 29. Re2 Bh6 30. Ne4 Bf4+ 31. Ng3 h5 32. h4 g5 33. Ndf5 Rc1 34. Ne7+ Kh7 35. Nxd5 gxh4 36. Nxf4 Nxf4 37. Re4 hxg3+ 38. Kxg3 Ne6 39. Ra4 Rg1+ 40. Kh2 Rg7 41. Be7 a5 42. Kh1 Kg6 43. Bf6 Rg8 44. Rxa5 Nf4 45. Bh4 Rc8 46. Bg3 Nd3 47. Kg2 Rc3 48. Ra4 Kg5 49. Rc4 Ne1+ 50. Kf1 Rxc4 51. bxc4 Nf3 52. Kg2 Kg4 53. c5 Nd4 54. f3+ Kf5 55. a4 h4 56. Bh2 h3+ 57. Kf2 Ke6 58. f4 Kd5 59. Kg3 Ne6 60. Kxh3 Nxc5 61. a5 Ke6 62. Kg4 f5+ 63. Kg5 Na6 64. Bg1 Nc7 65. Bb6 Nd5 66. Bd8 Nb4 67. Bc7 Nd5 68. Bd6 Nc3 69. a6 Nb5 70. Bb8 Kd5 1-0

[Event "45th FIDE Olympiad 2024"]
[Site "Budapest"]
[Date "2024.09.14"]
[Round "4.134"]
[White "Wageih, Kareim"]
[Black "Berend, Elvira"]
[Result "0-1"]
[ECO "D02"]
[WhiteElo "2402"]
[BlackElo "2219"]
[Annotator "ChessBase"]
[PlyCount "100"]
[EventDate "2024.09.05"]
[EventType "team-tourn"]
[EventCountry "HUN"]
[SourceTitle "playchess.com"]
[Source "ChessBase"]
[SourceQuality "1"]
[WhiteTeam "Egypt"]
[BlackTeam "Luxembourg"]
[WhiteTeamCountry "EGY"]
[BlackTeamCountry "LUX"]
[TimeControl "40/5400+30:1800+30"]

1. d4 Nf6 2. Nf3 d5 3. Bf4 c5 4. e3 Nc6 5. Nbd2 cxd4 6. exd4 Qb6 7. Nb3 Bg4 8. Be2 Bxf3 9. Bxf3 e6 10. O-O Be7 11. a4 a6 12. a5 Qd8 13. c3 O-O 14. Re1 Ne8 15. Be2 Bg5 16. Bxg5 Qxg5 17. Nc5 Nd6 18. Bd3 Rfe8 19. Qa4 Rac8 20. Re3 Qd8 21. b4 e5 22. dxe5 Rxe5 23. Rae1 Rxe3 24. Rxe3 Nxa5 25. Qd1 g6 26. Re5 Ne8 27. Be2 Nf6 28. g4 Qc7 29. Re3 Nc4 30. Bxc4 dxc4 31. Qd4 Qc6 32. g5 b6 33. gxf6 bxc5 34. bxc5 h6 35. Qf4 Rd8 36. Re1 Kh7 37. Qxc4 Rd5 38. h4 Qxc5 39. Qxa6 Rf5 40. Re3 Rf4 41. Qa2 Rxf6 42. Qa4 Qf5 43. f3 Rd6 44. Kf2 Rd2+ 45. Kg3 Qb1 46. Qg4 Qg1+ 47. Kf4 Qh2+ 48. Qg3 g5+ 49. hxg5 hxg5+ 50. Kg4 f5+ 0-1

[Event "45th FIDE Olympiad 2024"]
[Site "Budapest"]
[Date "2024.09.14"]
[Round "4.135"]
[White "Mertens, Marc"]
[Black "Wafa, Hamed"]
[Result "0-1"]
[ECO "C79"]
[WhiteElo "2120"]
[BlackElo "2368"]
[Annotator "ChessBase"]
[PlyCount "118"]
[EventDate "2024.09.05"]
[EventType "team-tourn"]
[EventCountry "HUN"]
[SourceTitle "playchess.com"]
[Source "ChessBase"]
[SourceQuality "1"]
[WhiteTeam "Luxembourg"]
[BlackTeam "Egypt"]
[WhiteTeamCountry "LUX"]
[BlackTeamCountry "EGY"]
[TimeControl "40/5400+30:1800+30"]

1. e4 e5 2. Nf3 Nc6 3. Bb5 a6 4. Ba4 Nf6 5. O-O d6 6. Re1 Bd7 7. c3 g6 8. d4 Bg7 9. dxe5 Nxe5 10. Nxe5 dxe5 11. Bxd7+ Qxd7 12. Qxd7+ Nxd7 13. Be3 O-O-O 14. Na3 Bf8 15. Nc4 b5 16. Na5 Nc5 17. Nc6 Re8 18. Bxc5 Bxc5 19. Rad1 Re6 20. Na5 Rf6 21. Re2 Bb6 22. Nb3 g5 23. Kf1 g4 24. Rd3 h5 25. Ke1 h4 26. Nd2 Rhh6 27. f3 Rf4 28. fxg4 Rxg4 29. Rf3 f6 30. h3 Rg7 31. Rd3 Rd7 32. Rxd7 Kxd7 33. Nf3 Ke6 34. Nh2 Bc5 35. Ng4 Rg6 36. Rd2 Rg8 37. Rd5 Bb6 38. Rd3 Bc5 39. Rd5 Be7 40. Ke2 c6 41. Rd3 a5 42. Rf3 b4 43. Kd3 Rb8 44. Kc2 a4 45. c4 Rd8 46. Rd3 f5 47. exf5+ Kxf5 48. Rf3+ Ke6 49. Re3 Bd6 50. c5 Bc7 51. Re4 Rd4 52. Rxd4 exd4 53. Kd3 Kd5 54. Nh6 Kxc5 55. Nf5 Bd8 56. Nxd4 Bf6 57. Nf3 Bxb2 58. Nxh4 b3 59. axb3 a3 0-1

[Event "45th FIDE Olympiad 2024"]
[Site "Budapest"]
[Date "2024.09.14"]
[Round "4.136"]
[White "Sadek, Sameh"]
[Black "Gengler, Pierre"]
[Result "1-0"]
[ECO "B06"]
[WhiteElo "2269"]
[BlackElo "2097"]
[Annotator "ChessBase"]
[PlyCount "77"]
[EventDate "2024.09.05"]
[EventType "team-tourn"]
[EventCountry "HUN"]
[SourceTitle "playchess.com"]
[Source "ChessBase"]
[SourceQuality "1"]
[WhiteTeam "Egypt"]
[BlackTeam "Luxembourg"]
[WhiteTeamCountry "EGY"]
[BlackTeamCountry "LUX"]
[TimeControl "40/5400+30:1800+30"]

1. d4 g6 2. e4 Bg7 3. Nc3 d6 4. f4 c5 5. dxc5 Bxc3+ 6. bxc3 Nf6 7. e5 dxe5 8. Qxd8+ Kxd8 9. fxe5 Nfd7 10. e6 fxe6 11. Be3 Nc6 12. Nf3 h6 13. h4 Ke8 14. h5 g5 15. Bd3 Kf8 16. Nd4 Nd8 17. Bg6 Nf6 18. Nf3 Nc6 19. Bd4 Nxd4 20. cxd4 Bd7 21. Ne5 Be8 22. Rb1 b6 23. cxb6 axb6 24. Rxb6 Rxa2 25. O-O Kg7 26. Rxe6 Ra7 27. Bxe8 Rxe8 28. Rfxf6 exf6 29. Rxe8 fxe5 30. Rxe5 Rf7 31. c4 Rf4 32. Rd5 Kf7 33. c5 Ke7 34. c6 Rf6 35. c7 Rc6 36. Rc5 Rxc5 37. dxc5 Kd7 38. Kf2 Kxc7 39. Ke3 1-0

[Event "45th FIDE Olympiad 2024"]
[Site "Budapest"]
[Date "2024.09.14"]
[Round "4.137"]
[White "Sadorra, Julio Catalino"]
[Black "Bagheri, Amir"]
[Result "1-0"]
[ECO "E26"]
[WhiteElo "2542"]
[BlackElo "2372"]
[Annotator "ChessBase"]
[PlyCount "101"]
[EventDate "2024.09.05"]
[EventType "team-tourn"]
[EventCountry "HUN"]
[SourceTitle "playchess.com"]
[Source "ChessBase"]
[SourceQuality "1"]
[WhiteTeam "Philippines"]
[BlackTeam "Monaco"]
[WhiteTeamCountry "PHI"]
[BlackTeamCountry "MNC"]
[TimeControl "40/5400+30:1800+30"]

1. d4 Nf6 2. c4 e6 3. Nc3 Bb4 4. e3 d5 5. a3 Bxc3+ 6. bxc3 c5 7. cxd5 Nxd5 8. Qc2 Nd7 9. e4 Ne7 10. Nf3 b6 11. Bd3 Bb7 12. O-O O-O 13. Bf4 Rc8 14. Qe2 Ng6 15. Be3 Qc7 16. g3 Nf6 17. Nd2 Rfd8 18. f3 Qe7 19. a4 cxd4 20. cxd4 Qc7 21. a5 Ne7 22. axb6 axb6 23. Rab1 Nd7 24. Nc4 Ba6 25. Rfc1 Bxc4 26. Bxc4 Qd6 27. Qb2 Ng6 28. Bb5 Ndf8 29. Kg2 Rxc1 30. Rxc1 Ne7 31. Be2 Nc6 32. Rc4 Na5 33. Rc2 h6 34. Qb5 Ng6 35. h4 Qb8 36. h5 Ne7 37. g4 f6 38. Rb2 Nac6 39. Qc4 Kf7 40. f4 Qc8 41. Rxb6 Kf8 42. Qc5 Qa8 43. Kf2 Rc8 44. Ra6 Qb7 45. Qa3 Qb1 46. d5 exd5 47. exd5 Nb4 48. d6 Ned5 49. d7 Rd8 50. Ra8 Ke7 51. Bc5+ 1-0

[Event "45th FIDE Olympiad 2024"]
[Site "Budapest"]
[Date "2024.09.14"]
[Round "4.138"]
[White "Efimov, Igor"]
[Black "Quizon, Daniel"]
[Result "0-1"]
[ECO "A49"]
[WhiteElo "2338"]
[BlackElo "2490"]
[Annotator "ChessBase"]
[PlyCount "74"]
[EventDate "2024.09.05"]
[EventType "team-tourn"]
[EventCountry "HUN"]
[SourceTitle "playchess.com"]
[Source "ChessBase"]
[SourceQuality "1"]
[WhiteTeam "Monaco"]
[BlackTeam "Philippines"]
[WhiteTeamCountry "MNC"]
[BlackTeamCountry "PHI"]
[TimeControl "40/5400+30:1800+30"]

1. Nf3 Nf6 2. d4 g6 3. g3 Bg7 4. Bg2 O-O 5. O-O d6 6. Re1 c5 7. Nc3 Nbd7 8. d5 a6 9. a4 Rb8 10. a5 b5 11. axb6 Nxb6 12. e4 Nc4 13. Qe2 Nb6 14. Bf4 Re8 15. Rad1 Bb7 16. h3 a5 17. Bf1 Qc8 18. Qd2 Ba6 19. Bxa6 Qxa6 20. b3 Rbd8 21. g4 a4 22. Nxa4 Nxa4 23. Ra1 Qc8 24. Rxa4 Nxg4 25. Kg2 Nf6 26. Qd3 e6 27. dxe6 Qxe6 28. Ra7 h6 29. Ra4 Qc8 30. Bg3 Qb7 31. Kh2 Rd7 32. Re3 Re6 33. Nd2 h5 34. f4 Bh6 35. Nf3 Rde7 36. e5 Nd5 37. exd6 Nxe3 0-1

[Event "45th FIDE Olympiad 2024"]
[Site "Budapest"]
[Date "2024.09.14"]
[Round "4.139"]
[White "Bersamina, Paulo"]
[Black "Levacic, Damir"]
[Result "1-0"]
[ECO "B07"]
[WhiteElo "2425"]
[BlackElo "2097"]
[Annotator "ChessBase"]
[PlyCount "45"]
[EventDate "2024.09.05"]
[EventType "team-tourn"]
[EventCountry "HUN"]
[SourceTitle "playchess.com"]
[Source "ChessBase"]
[SourceQuality "1"]
[WhiteTeam "Philippines"]
[BlackTeam "Monaco"]
[WhiteTeamCountry "PHI"]
[BlackTeamCountry "MNC"]
[TimeControl "40/5400+30:1800+30"]

1. e4 g6 2. d4 d6 3. Nc3 c6 4. Be3 Nf6 5. Qd2 b5 6. Bd3 Nbd7 7. Nf3 Qc7 8. O-O a6 9. a4 Bb7 10. e5 b4 11. Ne2 dxe5 12. dxe5 Nd5 13. e6 fxe6 14. Ng5 Qd6 15. Ne4 Qc7 16. Nd4 Nxe3 17. Qxe3 Qe5 18. Nf3 Qd5 19. Rfd1 Bg7 20. Neg5 Bh6 21. Bxg6+ hxg6 22. Rxd5 exd5 23. Qe6 1-0

[Event "45th FIDE Olympiad 2024"]
[Site "Budapest"]
[Date "2024.09.14"]
[Round "4.140"]
[White "Van Hoolandt, Patrick"]
[Black "Garcia, Jan Emmanuel"]
[Result "0-1"]
[ECO "D85"]
[WhiteElo "2036"]
[BlackElo "2380"]
[Annotator "ChessBase"]
[PlyCount "78"]
[EventDate "2024.09.05"]
[EventType "team-tourn"]
[EventCountry "HUN"]
[SourceTitle "playchess.com"]
[Source "ChessBase"]
[SourceQuality "1"]
[WhiteTeam "Monaco"]
[BlackTeam "Philippines"]
[WhiteTeamCountry "MNC"]
[BlackTeamCountry "PHI"]
[TimeControl "40/5400+30:1800+30"]

1. d4 Nf6 2. c4 g6 3. Nc3 d5 4. cxd5 Nxd5 5. Bd2 Bg7 6. e4 Nb6 7. Be3 O-O 8. Bb5 c6 9. Be2 Be6 10. Nf3 Bc4 11. O-O N8d7 12. Rc1 Re8 13. b3 Bxe2 14. Qxe2 e5 15. Rfd1 exd4 16. Bxd4 Qe7 17. Qc2 Rad8 18. a4 a5 19. h3 Bh6 20. Rb1 c5 21. Be3 Bxe3 22. fxe3 Ne5 23. Nh2 Qg5 24. Qe2 h5 25. Nb5 Qe7 26. Nf1 c4 27. Nc3 Rxd1 28. Qxd1 Rd8 29. Qc2 Qg5 30. bxc4 Nbxc4 31. Qe2 b6 32. Rb5 Qh4 33. Nd5 Rd6 34. Nf4 Kh7 35. g3 Qd8 36. Rd5 Qd7 37. Qd1 Rxd5 38. exd5 b5 39. axb5 Qxb5 0-1

[Event "45th FIDE Olympiad 2024"]
[Site "Budapest"]
[Date "2024.09.14"]
[Round "4.141"]
[White "Khusenkhojaev, Mustafokhuja"]
[Black "Galaviz Medina, Sion Radamantys"]
[Result "1/2-1/2"]
[ECO "E06"]
[WhiteElo "2283"]
[BlackElo "2488"]
[Annotator "ChessBase"]
[PlyCount "94"]
[EventDate "2024.09.05"]
[EventType "team-tourn"]
[EventCountry "HUN"]
[SourceTitle "playchess.com"]
[Source "ChessBase"]
[SourceQuality "1"]
[WhiteTeam "Tajikistan"]
[BlackTeam "Mexico"]
[WhiteTeamCountry "TJK"]
[BlackTeamCountry "MEX"]
[TimeControl "40/5400+30:1800+30"]

1. d4 Nf6 2. c4 e6 3. g3 d5 4. Nf3 Be7 5. Bg2 O-O 6. Nc3 dxc4 7. Ne5 Nc6 8. Bxc6 bxc6 9. Nxc6 Qd7 10. Nxe7+ Qxe7 11. Qa4 c5 12. dxc5 Qxc5 13. Be3 Qc7 14. O-O-O Ng4 15. Rd2 Nxe3 16. fxe3 Qc5 17. Rhd1 Rb8 18. Rd8 Qxe3+ 19. Kc2 Bb7 20. Rxf8+ Rxf8 21. Qxc4 h5 22. Qd4 Qxd4 23. Rxd4 f5 24. b4 e5 25. Rd6 Bc8 26. Rd5 Re8 27. e3 h4 28. Kd2 hxg3 29. hxg3 Kh7 30. Rc5 a6 31. Na4 Bb7 32. Nb6 Be4 33. Nc4 Rd8+ 34. Ke1 Rd3 35. Rxe5 Rc3 36. Nd2 Rxe3+ 37. Kf2 Ra3 38. Nxe4 Rxa2+ 39. Kf3 fxe4+ 40. Rxe4 Kg6 41. Re5 Ra4 42. b5 axb5 43. Rxb5 Kf6 44. Rc5 g6 45. g4 Rb4 46. Kg3 g5 47. Rc6+ Ke5 1/2-1/2

[Event "45th FIDE Olympiad 2024"]
[Site "Budapest"]
[Date "2024.09.14"]
[Round "4.142"]
[White "Cori Quispe, Kevin Joel"]
[Black "Karimov, Alisher"]
[Result "0-1"]
[ECO "B30"]
[WhiteElo "2461"]
[BlackElo "2240"]
[Annotator "ChessBase"]
[PlyCount "72"]
[EventDate "2024.09.05"]
[EventType "team-tourn"]
[EventCountry "HUN"]
[SourceTitle "playchess.com"]
[Source "ChessBase"]
[SourceQuality "1"]
[WhiteTeam "Mexico"]
[BlackTeam "Tajikistan"]
[WhiteTeamCountry "MEX"]
[BlackTeamCountry "TJK"]
[TimeControl "40/5400+30:1800+30"]

1. e4 c5 2. Nc3 e6 3. Nf3 Nc6 4. Bb5 Nge7 5. O-O a6 6. Bd3 Ng6 7. Re1 Be7 8. e5 Qc7 9. Bxg6 fxg6 10. b3 O-O 11. Bb2 Nd4 12. Nxd4 cxd4 13. Ne2 Qxe5 14. Bxd4 Qc7 15. c4 b6 16. Ng3 Bb7 17. Qe2 Rf7 18. f3 Bh4 19. Be5 Qc6 20. Rf1 Bxg3 21. Bxg3 Rf5 22. d4 h6 23. Rac1 Kh7 24. Rfd1 b5 25. d5 exd5 26. cxd5 Qb6+ 27. Bf2 Qd6 28. Rc5 Rc8 29. b4 Qf8 30. Qe4 Re8 31. Qc2 Qf7 32. a4 Bxd5 33. Rc3 Bc4 34. axb5 axb5 35. Re3 Rxe3 36. Bxe3 Bb3 0-1

[Event "45th FIDE Olympiad 2024"]
[Site "Budapest"]
[Date "2024.09.14"]
[Round "4.143"]
[White "Ilkhomi, Jaloliddin"]
[Black "Ibarra Chami, Luis Fernando"]
[Result "1/2-1/2"]
[ECO "A13"]
[WhiteElo "2227"]
[BlackElo "2427"]
[Annotator "ChessBase"]
[PlyCount "84"]
[EventDate "2024.09.05"]
[EventType "team-tourn"]
[EventCountry "HUN"]
[SourceTitle "playchess.com"]
[Source "ChessBase"]
[SourceQuality "1"]
[WhiteTeam "Tajikistan"]
[BlackTeam "Mexico"]
[WhiteTeamCountry "TJK"]
[BlackTeamCountry "MEX"]
[TimeControl "40/5400+30:1800+30"]

1. Nf3 Nf6 2. c4 e6 3. g3 d5 4. Bg2 dxc4 5. Qa4+ Bd7 6. Qxc4 c5 7. d4 Nc6 8. Nc3 b5 9. Qd3 c4 10. Qc2 Rc8 11. Bg5 Be7 12. Bxf6 Bxf6 13. Nxb5 Qa5+ 14. Nc3 Nxd4 15. Nxd4 Bxd4 16. O-O Rc7 17. Rfd1 Qb6 18. e3 Bf6 19. Rd2 O-O 20. Qd1 Bc6 21. Bxc6 Qxc6 22. Rc1 Rb8 23. Qe2 h6 24. Rdc2 Qa6 25. Ne4 Qxa2 26. Nxf6+ gxf6 27. Qg4+ Kf8 28. Qd4 Kg7 29. Qg4+ Kf8 30. Qd4 Kg7 31. b4 Qa6 32. Rxc4 Rxb4 33. Rxc7 Rxd4 34. exd4 Qa2 35. Rd7 a5 36. d5 Qd2 37. Ra1 e5 38. d6 e4 39. Re7 f5 40. Re5 Kf6 41. Raxa5 Qd1+ 42. Kg2 Qf3+ 1/2-1/2

[Event "45th FIDE Olympiad 2024"]
[Site "Budapest"]
[Date "2024.09.14"]
[Round "4.144"]
[White "Palma Villanueva, Miguel Tadeo"]
[Black "Kabilov, Amin"]
[Result "0-1"]
[ECO "B53"]
[WhiteElo "2266"]
[BlackElo "2212"]
[Annotator "ChessBase"]
[PlyCount "118"]
[EventDate "2024.09.05"]
[EventType "team-tourn"]
[EventCountry "HUN"]
[SourceTitle "playchess.com"]
[Source "ChessBase"]
[SourceQuality "1"]
[WhiteTeam "Mexico"]
[BlackTeam "Tajikistan"]
[WhiteTeamCountry "MEX"]
[BlackTeamCountry "TJK"]
[TimeControl "40/5400+30:1800+30"]

1. e4 c5 2. Nf3 d6 3. d4 cxd4 4. Qxd4 Nc6 5. Bb5 Bd7 6. Bxc6 Bxc6 7. c4 Nf6 8. Nc3 g6 9. O-O Bg7 10. Qd3 Nd7 11. Rb1 a5 12. b3 O-O 13. Bb2 Nc5 14. Qe3 e6 15. Nd4 Qe7 16. Ba3 Rac8 17. Bxc5 dxc5 18. Nxc6 Rxc6 19. e5 f6 20. f4 fxe5 21. fxe5 Rcc8 22. Nb5 Rxf1+ 23. Rxf1 Rd8 24. Kh1 Rf8 25. Rf3 Rf5 26. Rxf5 exf5 27. e6 Bf6 28. h3 b6 29. a3 Kg7 30. Nc3 Bxc3 31. Qxc3+ Qf6 32. Qe1 Kf8 33. b4 axb4 34. axb4 Ke7 35. bxc5 bxc5 36. Qa5 Qd4 37. Qc7+ Kxe6 38. Qxh7 Qd1+ 39. Kh2 Qd6+ 40. Kh1 Ke5 41. Qh4 Qd3 42. Qh8+ Ke4 43. Qa8+ Ke5 44. Qh8+ Ke4 45. Qa8+ Kf4 46. Qb8+ Kg5 47. Qe5 Qf1+ 48. Kh2 Qf4+ 49. Qxf4+ Kxf4 50. g3+ Ke3 51. Kg2 Kd4 52. Kf3 Kxc4 53. Kf4 Kd5 54. Kg5 c4 55. Kxg6 c3 56. h4 c2 57. h5 c1=Q 58. h6 Ke6 59. h7 Qc3 0-1

[Event "45th FIDE Olympiad 2024"]
[Site "Budapest"]
[Date "2024.09.14"]
[Round "4.145"]
[White "Kantor, Gergely"]
[Black "Susilodinata, Andrean"]
[Result "0-1"]
[ECO "B12"]
[WhiteElo "2537"]
[BlackElo "2393"]
[PlyCount "94"]
[EventDate "2024.09.05"]
[EventType "team-tourn"]
[EventCountry "HUN"]
[WhiteTeam "Hungary C"]
[BlackTeam "Indonesia"]
[WhiteTeamCountry "HUN"]
[BlackTeamCountry "INA"]
[TimeControl "40/5400+30:1800+30"]

1. e4 c6 2. d4 d5 3. e5 Bf5 4. h4 h5 5. c4 e6 6. Nc3 dxc4 7. Bxc4 Nd7 8. Nge2 Be7 9. g3 Bg4 10. O-O Nh6 11. Kg2 Nb6 12. Bd3 Qd7 13. a4 a5 14. f3 Bf5 15. Ne4 Nd5 16. Bd2 Bg6 17. Qc1 Nf5 18. Rd1 O-O 19. Nc5 Qc7 20. Be4 Rfd8 21. Bxf5 Bxf5 22. Bg5 f6 23. exf6 gxf6 24. Bf4 Qb6 25. Bh6 Kh7 26. Ra3 Qc7 27. Rb3 Bxc5 28. dxc5 e5 29. Be3 Nb4 30. Ra3 Rxd1 31. Qxd1 Rd8 32. Qg1 Qf7 33. Bc1 Qc4 34. Qf2 Nd3 35. Qe3 Nxc1 36. Nxc1 Qc2+ 37. Ne2 Rd2 38. Kf2 Bd3 39. Rxd3 Qxd3 40. Qxd3+ Rxd3 41. g4 Rb3 42. gxh5 Rxb2 43. Ke3 Rb4 44. Ng3 Rxa4 45. Ne4 f5 46. Nd6 Rb4 47. Nxf5 a4 {0-} 0-1

[Event "45th FIDE Olympiad 2024"]
[Site "Budapest"]
[Date "2024.09.14"]
[Round "4.146"]
[White "Cahaya, Satria Duta"]
[Black "Juhasz, Agoston"]
[Result "1/2-1/2"]
[ECO "B96"]
[WhiteElo "2219"]
[BlackElo "2427"]
[PlyCount "206"]
[EventDate "2024.09.05"]
[EventType "team-tourn"]
[EventCountry "HUN"]
[WhiteTeam "Indonesia"]
[BlackTeam "Hungary C"]
[WhiteTeamCountry "INA"]
[BlackTeamCountry "HUN"]
[TimeControl "40/5400+30:1800+30"]

1. e4 c5 2. Nf3 d6 3. d4 cxd4 4. Nxd4 Nf6 5. Nc3 a6 6. Bg5 e6 7. f4 h6 8. Bh4 Nbd7 9. Qe2 e5 10. fxe5 Nxe5 11. O-O-O Be7 12. Nf5 Bxf5 13. exf5 O-O 14. Bxf6 Bxf6 15. Ne4 d5 16. Nxf6+ Qxf6 17. Rxd5 Rfe8 18. Qd2 Qxf5 19. Bd3 Qg5 20. Qxg5 hxg5 21. Rd4 g6 22. Be4 Rab8 23. a4 Kg7 24. a5 b6 25. axb6 Rxb6 26. b3 f5 27. Bd5 g4 28. Kb2 Rf6 29. h4 f4 30. Rf1 f3 31. gxf3 gxf3 32. Rf2 Kh6 33. Re4 Rf5 34. Ka3 Kh5 35. Ka4 Ref8 36. Rxe5 Rxe5 37. Rxf3 Rxf3 38. Bxf3+ Kxh4 39. c4 a5 40. Bd5 Kg5 41. Kxa5 Kf6 42. b4 Ke7 43. Kb6 Kd7 44. Kc5 g5 45. Kd4 Rf5 46. Ke4 Rf8 47. Ke5 Kc7 48. c5 Rb8 49. Kf5 Rxb4 50. Kxg5 Rb5 51. Kf4 Rxc5 52. Ke5 Kd7 53. Kd4 Kd6 54. Bf3 Ra5 55. Kc4 Ra4+ 56. Kb3 Rh4 57. Bg2 Kc5 58. Kc3 Rg4 59. Ba8 Rg3+ 60. Kb2 Rh3 61. Be4 Kc4 62. Bf5 Rh2+ 63. Ka1 Kb3 64. Be6+ Kc3 65. Bf5 Rh1+ 66. Ka2 Re1 67. Bg6 Rf1 68. Bh7 Rf6 69. Be4 Rb6 70. Bh7 Rb2+ 71. Ka1 Kb3 72. Bg8+ Ka3 73. Bh7 Rh2 74. Be4 Rf2 75. Bh7 Rb2 76. Bg6 Rg2 77. Be4 Rg1+ 78. Bb1 Rg4 79. Bf5 Rg5 80. Bc2 Rg7 81. Bf5 Rf7 82. Be4 Rf4 83. Bh7 Rg4 84. Bf5 Rg3 85. Be4 Rg5 86. Bc2 Rb5 87. Bg6 Rb4 88. Bf5 Kb3 89. Be6+ Kc3 90. Bf5 Rf4 91. Bh7 Rf2 92. Be4 Rb2 93. Bg6 Kb3 94. Bf7+ Ka3 95. Bg6 Re2 96. Bh7 Rf2 97. Be4 Rf1+ 98. Bb1 Rf6 99. Bh7 Rf4 100. Bc2 Rf2 101. Be4 Rh2 102. Bf5 Rg2 103. Be4 Re2 1/2-1/2

[Event "45th FIDE Olympiad 2024"]
[Site "Budapest"]
[Date "2024.09.14"]
[Round "4.147"]
[White "Karacsonyi, Gellert"]
[Black "Ulhaq, Zacky Dhia"]
[Result "0-1"]
[ECO "C56"]
[WhiteElo "2403"]
[BlackElo "2203"]
[PlyCount "130"]
[EventDate "2024.09.05"]
[EventType "team-tourn"]
[EventCountry "HUN"]
[WhiteTeam "Hungary C"]
[BlackTeam "Indonesia"]
[WhiteTeamCountry "HUN"]
[BlackTeamCountry "INA"]
[TimeControl "40/5400+30:1800+30"]

1. e4 e5 2. Nf3 Nc6 3. d4 exd4 4. Bc4 Nf6 5. e5 d5 6. Bb5 Ne4 7. Nxd4 Bc5 8. Be3 O-O 9. Nxc6 bxc6 10. Bxc5 Nxc5 11. Bxc6 Rb8 12. Qxd5 Qe7 13. O-O Rxb2 14. Nc3 Rxc2 15. Qd4 Ne6 16. Qd3 Rb2 17. Qe3 Qc5 18. Qxc5 Nxc5 19. Nd5 Ba6 20. Rfb1 Rfb8 21. Rxb2 Rxb2 22. Nxc7 Bb7 23. Nd5 Nd3 24. Bxb7 Rxb7 25. f4 Rb5 26. Nc3 Rc5 27. Ne2 g5 28. g3 gxf4 29. gxf4 Rc4 30. Rf1 Re4 31. Ng3 Rxf4 32. Rd1 Rf3 33. Nh5 h6 34. Nf6+ Kg7 35. Kg2 Nxe5 36. Nh5+ Kg6 37. Re1 Nd3 38. Re2 Rf5 39. Re3 Rf2+ 40. Kg3 Kxh5 41. Rxd3 Rxa2 42. Rd6 Kg5 43. h4+ Kh5 44. Rf6 Ra3+ 45. Kg2 Kxh4 46. Rxf7 Ra2+ 47. Kf3 h5 48. Rg7 Kh3 49. Rg3+ Kh2 50. Rg7 h4 51. Rc7 h3 52. Rc8 a5 53. Rc3 Rg2 54. Rc4 Rg3+ 55. Kf2 Ra3 56. Rc1 a4 57. Rc4 Ra2+ 58. Kf3 a3 59. Rc3 Rg2 60. Rc1 a2 61. Ra1 Rb2 62. Rc1 Rb3+ 63. Kg4 Ra3 64. Rc2+ Kg1 65. Rc1+ Kf2 {0-} 0-1

[Event "45th FIDE Olympiad 2024"]
[Site "Budapest"]
[Date "2024.09.14"]
[Round "4.148"]
[White "Mariano, Fabian Glen"]
[Black "Vanczak, Tamas"]
[Result "0-1"]
[ECO "B51"]
[WhiteElo "2121"]
[BlackElo "2401"]
[PlyCount "130"]
[EventDate "2024.09.05"]
[EventType "team-tourn"]
[EventCountry "HUN"]
[WhiteTeam "Indonesia"]
[BlackTeam "Hungary C"]
[WhiteTeamCountry "INA"]
[TimeControl "40/5400+30:1800+30"]

1. e4 c5 2. Nf3 d6 3. Bb5+ Nc6 4. c3 Bd7 5. O-O Nf6 6. Qe2 a6 7. Ba4 b5 8. Bc2 e5 9. Rd1 Be7 10. h3 Qb6 11. d3 O-O 12. Nbd2 Rfe8 13. Nf1 Be6 14. Ng3 d5 15. Ng5 Rad8 16. Nxe6 fxe6 17. Be3 Qc7 18. Rf1 Rf8 19. Rad1 Bd6 20. a3 Ne7 21. Nh5 Nxh5 22. Qxh5 Ng6 23. g3 d4 24. Bd2 c4 25. Rc1 Bc5 26. Qe2 Qb6 27. Kg2 Rd7 28. cxd4 Bxd4 29. dxc4 bxc4 30. Bc3 Rdf7 31. f3 Qd8 32. Qd2 Rf6 33. Bxd4 exd4 34. f4 d3 35. Bb1 Qd4 36. Rce1 Rb8 37. Rf2 e5 38. Qc3 Qxc3 39. bxc3 exf4 40. e5 f3+ 41. Kf1 Nxe5 42. Ba2 Rb5 43. a4 Rd5 44. Rd2 Kf8 45. Re4 Rc6 46. Kf2 Ke7 47. Ke3 g5 48. Rb2 Kf6 49. g4 Kg6 50. Rd4 Rxd4 51. Kxd4 Kf6 52. Kd5 a5 53. Rf2 Rc8 54. Ke4 Re8 55. Rb2 Re6 56. Kd5 h5 57. Bxc4 Nxc4 58. Kxc4 Rd6 59. Rd2 hxg4 60. hxg4 Ke5 61. Rxd3 Rxd3 62. Kxd3 Kf4 63. c4 Kg3 64. c5 f2 65. Ke2 Kg2 {0-} 0-1